 Dungeon Crawl Stone Soup version 0.26.1-16-g4e020e15dc (webtiles) character file.

Game seed: 1870099888930116512

254 Froggeryz the Ruffian (level 5, -4/41 HPs)
             Began as a Draconian Transmuter on Feb 25, 2024.
             Slain by an ogre
             ... wielding a +0 giant spiked club
              (21 damage)
             ... on level 4 of the Dungeon.
             The game lasted 00:02:53 (4567 turns).

Froggeryz the Ruffian (Draconian Transmuter)        Turns: 4567, Time: 00:02:53

Health: -4/41      AC:  9    Str: 13    XL:     5   Next: 91%
Magic:  8/8        EV: 12    Int: 13    God:
Gold:   131        SH:  0    Dex: 12    Spells: 7/8 levels left

rFire    . . .     SeeInvis .     - Unarmed
rCold    . . .     Faith    .   (no shield)
rNeg     . . .     Spirit   .   (armour unavailable)
rPois    .         Reflect  .   j - +1 hat
rElec    .         Harm     .   p - +0 cloak
rCorr    .         Rampage  .   (no gloves)
Will     .....                  c - +1 pair of boots
Stlth    +.........             (no amulet)
HPRegen  0.13/turn              (no ring)
MPRegen  0.11/turn              (no ring)

@: no status effects
A: unfitting armour, cold-blooded, AC +5
a: no special abilities


You were on level 4 of the Dungeon.
You visited 1 branch of the dungeon, and saw 4 of its levels.

You collected 131 gold pieces.

Inventory:

Missiles
 a - 12 poisoned darts (quivered)
 t - a throwing net
Armour
 c - a +1 pair of boots (worn)
 j - a +1 hat (worn)
 p - a +0 cloak (worn)
Scrolls
 d - 2 scrolls of remove curse {unknown}
 e - 5 scrolls of identify {unknown}
 f - 4 scrolls of teleportation {unknown}
 i - a scroll of enchant weapon {unknown}
 o - a scroll of immolation {unknown}
 q - a scroll of fear {unknown}
 r - a scroll of amnesia {unknown}
 s - 2 scrolls of magic mapping {unknown}
Potions
 b - 3 potions of lignification {unknown}
 g - a potion of resistance {unknown}
 h - a potion of curing {unknown}
 k - 2 potions of heal wounds {unknown}
 l - 2 potions of attraction {unknown}
 m - 2 potions of degeneration {unknown}
 n - a potion of brilliance {unknown}


   Skills:
 + Level 1.9 Fighting
 - Level 1.7 Dodging
 * Level 6.5 Unarmed Combat
 - Level 2.0 Spellcasting
 - Level 2.0 Transmutations


You had 7 spell levels left.
You knew the following spells:

 Your Spells              Type           Power        Failure   Level
a - Beastly Appendage     Tmut           12%          11%         1

Your spell library contained the following spells:

 Spells                   Type           Power        Failure   Level
 Wereblood                Tmut           6%           17%         2
 Spider Form              Tmut/Pois      1%           45%         3
 Ice Form                 Ice/Tmut       3%           86%         4
 Blade Hands              Tmut           3%           97%         5


Dungeon Overview and Level Annotations

Branches:
Dungeon (4/15)
 Temple: D:4-7

Altars:
Sif Muna
Trog
Wu Jian
Zin


Innate Abilities, Weirdness & Mutations

Your plain brown scales are hard. (AC +5)
You cannot fit into any form of body armour.
You are cold-blooded and may be slowed by cold attacks.


Message History

The angel shouts!
An ogre comes into view. It is wielding a +0 giant spiked club.
The ogre shouts!
The ogre hits you with a +0 giant spiked club!
You hit the ogre.
The ogre is lightly wounded.
You barely miss the ogre.
The ogre is lightly wounded.
The ogre hits you with a +0 giant spiked club!
You are too injured to fight recklessly!
You hit the ogre but do no damage.
The ogre is lightly wounded.
You hit the ogre.
The ogre is moderately wounded.
The ogre barely misses you.
You hit the ogre.
The ogre is moderately wounded.
The ogre hits you with a +0 giant spiked club!!
Ouch! That really hurt!
You die...

..###......# #.......>
.. #......###..#.....
###.#..........##.
...#.#####..#.##.
....#..#.....#.##. .
....#>............ ...
#..#[.#.#)....###
.#...###..#...)#####.###
......O@.....#.........#
.....###..####.#####.#.#
###....................#
..#..##.#.#######.##.#.#
..#_ #.#............#.#
..#..##.#####.....#### #
###......#.##...######
.......................
...........##.#####..##


You could see an ogre.

Vanquished Creatures
  Natasha (thrice) (D:2)
  A worker ant (D:4)
  Robin (D:2)
  5 adders
  2 worms (D:2)
  4 dart slugs
  3 leopard geckos
  10 bats
  3 giant cockroaches (D:1)
  7 hobgoblins
  10 jackals
  10 kobolds
  2 ball pythons (D:3)
  4 frilled lizards
  17 goblins
  7 rats
89 creatures vanquished.

Notes
Turn   | Place    | Note
-------+----------+-------------------------------------------
     0 | D:1      | Froggeryz the Draconian Transmuter began the quest for the
                  | Orb.
     0 | D:1      | Reached XP level 1. HP: 16/16 MP: 3/3
   296 | D:1      | Reached XP level 2. HP: 23/23 MP: 5/5
   444 | D:1      | Reached skill level 4 in Unarmed Combat
   811 | D:1      | Reached XP level 3. HP: 28/28 MP: 6/6
  1028 | D:2      | Noticed Natasha
  1029 | D:2      | Noticed Robin
  1314 | D:2      | Killed Robin
  1508 | D:2      | Reached XP level 4. HP: 31/35 MP: 7/7
  1697 | D:2      | Reached skill level 5 in Unarmed Combat
  1981 | D:2      | Killed Natasha
  2242 | D:2      | Noticed Natasha
  2255 | D:2      | Killed Natasha
  2256 | D:2      | Reached XP level 5. HP: 28/40 MP: 6/8
  2272 | D:2      | Noticed Natasha
  2279 | D:2      | Killed Natasha
  2280 | D:2      | Reached skill level 6 in Unarmed Combat
  3069 | D:2      | Found a shimmering blue altar of Sif Muna.
  3232 | D:3      | Found a bloodstained altar of Trog.
  3862 | D:3      | Found an ornate altar of the Wu Jian Council.
  4553 | D:4      | Found a glowing silver altar of Zin.
  4555 | D:4      | Noticed an angel
  4561 | D:4      | Noticed an ogre
  4567 | D:4      | Slain by an ogre

Illustrated notes

Levels and vault maps discovered:
D:1:      tarquinn_simple_flora_water_d, layout_rooms
D:2:      layout_basic, lemuel_blue_sif_altar, minmay_hexomino_u4, uniq_natasha,
          uniq_robin
D:3:      layout_basic, marbit_many_paths, nzn_wu_jian_contemplation,
          minmay_misc_feat_hallway, minmay_box_of_dots
D:4:      layout_basic, grunt_temple_overflow_order_and_chaos_1,
          lemuel_zombie_altar_yredelemnul, serial_curves, eino_curves_04,
          eino_curves_04, eino_curves_03

Skill      XL: |  1  2  3  4  5 |
---------------+----------------+-----
Unarmed Combat | 4 5 6 |  6.5
Fighting       | |  1.9
Dodging        | |  1.7
Spellcasting   | |  2.0
Transmutations | |  2.0

Action                   |  1- 3 |  4- 6 || total
-------------------------+-------+-------++-------
Melee: Unarmed           |   158 |   175 ||   333
       Tailslap          |    12 |    12 ||    24
       Kick              |     4 |     5 ||     9
       Punch             |     2 |     3 ||     5
       Headbutt          |     2 |     2 ||     4
Throw: Dart              |     1 |       ||     1
 Cast: Beastly Appendage |     2 |     6 ||     8
 Stab: Sleeping          |       |     1 ||     1
Armor: Skin              |    61 |    54 ||   115
Dodge: Dodged            |   106 |   144 ||   250
